 Dungeon Crawl Stone Soup version 0.19.5 (webtiles) character file.

689 Forgotmypassicot the Ducker (level 7, -3/35 HPs)
             Began as a Spriggan Warper on Apr 29, 2017.
             Was an Initiate of Fedhas.
             Shot with an arrow by a centaur (10 damage)
             ... on level 5 of the Dungeon.
             The game lasted 00:53:35 (4380 turns).

Forgotmypassicot the Ducker (Spriggan Warper)       Turns: 4380, Time: 00:53:35

Health: -3/35      AC:  5    Str:  7    XL:     7   Next: 36%
Magic:  11/23      EV: 22    Int: 15    God:    Fedhas [......]
Gold:   190        SH:  0    Dex: 17    Spells: 3 memorised, 7 levels left

rFire  . . .     SeeInvis +     i - +3 dagger (venom)
rCold  . . .     Gourm    .     b - +0 robe
rNeg   . . .     Faith    .     (shield restricted)
rPois  .         Spirit   .     (helmet restricted)
rElec  .         Reflect  .     h - +2 cloak
rCorr  .         Harm     .     (gloves unavailable)
MR     +....                    (boots unavailable)
Stlth  +++.......               (no amulet)
                                j - ring of magical power
                                a - +2 ring of slaying

@: shrouded, very quick
A: unfitting armour, see invisible, herbivore 3, speed 3, slow metabolism 2
a: Fungal Bloom, Renounce Religion


You were on level 5 of the Dungeon.
You worshipped Fedhas.
Fedhas was noncommittal.
You were not hungry.

You visited 2 branches of the dungeon, and saw 6 of its levels.

You collected 220 gold pieces.
You spent 30 gold pieces at shops.

Inventory:

Hand Weapons
 i - a +3 dagger of venom (weapon)
 p - a +0 rapier
 q - a +1 dagger of speed
Missiles
 e - 5 tomahawks of dispersal (quivered)
Armour
 b - a +0 robe (worn)
 h - a +2 cloak (worn)
Jewellery
 a - a +2 ring of slaying (left hand)
 j - a ring of magical power (right hand)
Wands
 r - a wand of hasting (4/9)
Scrolls
 d - a scroll of blinking
 g - a scroll of fog
 n - 3 scrolls of identify
 o - 2 scrolls of magic mapping
 s - 3 scrolls of remove curse
 t - 3 scrolls of immolation
Potions
 l - a potion of agility
 m - a potion of cancellation
Books
 c - a book of Spatial Translocations

   Spells                             Type                      Level
   a - Blink                          Translocation                2
   b - Shroud of Golubria             Charms/Translocation         2
   c - Lesser Beckoning               Translocation                3
   d - Portal Projectile              Translocation                3
   e - Teleport Other                 Translocation                3
   f - Passage of Golubria            Translocation                4
Comestibles
 f - 2 bread rations
 k - 10 fruits
 v - a slice of pizza
 C - a royal jelly


   Skills:
 + Level 2.3 Fighting
 + Level 5.8 Short Blades
 + Level 1.2 Throwing
 + Level 6.7 Dodging
 + Level 3.4 Stealth
 + Level 4.2 Spellcasting
 + Level 1.1 Charms
 + Level 5.3 Translocations


You had 7 spell levels left.
You knew the following spells:

 Your Spells              Type           Power        Failure   Level  Hunger
a - Shroud of Golubria    Chrm/Tloc      ##........   10%         2    ##.....
b - Blink                 Tloc           N/A          3%          2    ##.....
c - Teleport Other        Tloc           ###.....     10%         3    ###....


Dungeon Overview and Level Annotations

Branches:
Dungeon (5/15)             Temple (1/1) D:4

Altars:
Ashenzari
Dithmenos
Elyvilon
Fedhas
Hepliaklqana
Kikubaaqudgha
Makhleb
Nemelex Xobeh
Okawaru
Qazlal
Ru
Sif Muna
Trog
Uskayaw
Xom
Yredelemnul
Zin
The Shining One

Shops:
D:4 *   D:5 *

Annotations:
D:3 Sigmund


Innate Abilities, Weirdness & Mutations

You are very small and have problems with some larger weapons.
You are too small for most types of armour.
You have supernaturally acute eyesight. (SInv)
You are a herbivore.
You cover ground extremely quickly.
You need consume almost no food.


Message History

Confirm with . or Enter, or press ? or * to list all spells.
Aiming: Teleport Other
Press: ? - help, Shift-Dir - straight line, f/p - centaur
Aim: a centaur, wielding a shortbow (chance to defeat MR: 57%)
The centaur looks slightly unstable.
The centaur shoots an arrow.
The arrow hits you.
* * * LOW HITPOINT WARNING * * *
Casting: Teleport Other
Confirm with . or Enter, or press ? or * to list all spells.
Aiming: Teleport Other
Press: ? - help, Shift-Dir - straight line, f/p - centaur
Aim: a centaur, wielding a shortbow (chance to defeat MR: 57%)
The centaur seems more stable.
The centaur shoots an arrow.
The arrow misses you.
Casting: Teleport Other
Confirm with . or Enter, or press ? or * to list all spells.
Space distorts slightly along a thin shroud covering your body.
The centaur shoots an arrow.
The arrow hits you!
You die...
Fedhas appreciates your contribution to the ecosystem.

#...........#......
...........#.........
........#........
........#.......# .
................#
........P.......#####
#..........c.......#
#.....)............#
.#.#.....f....@.......#
..#.#.......(.(........#
#.#.#.......(..........#
##...#########..........#
......# #..........#
......########..(.......#
....>.##................#
......##.............####
......##.............#


You could see a centaur and a friendly wandering mushroom.

Vanquished Creatures
  2 ogres (D:5)
  A howler monkey (D:4)
  A crimson imp (D:5)
  A bullfrog skeleton (D:5)
  A jelly (D:5)
  An orc wizard (D:4)
  An iguana (D:4)
  2 worker ants
  3 hound skeletons (D:5)
  4 gnolls (D:4)
  6 adders
  A shadow imp (D:5)
  2 adder skeletons (D:5)
  2 worms
  A leopard gecko (D:3)
  10 orcs
  4 giant cockroaches
  2 gnoll zombies (D:2)
  4 goblins
  3 hobgoblins
  3 jackals (D:1)
  3 quokkas
  12 bats
  4 frilled lizards
  7 kobolds
  A leopard gecko skeleton (D:5)
  6 rats
88 creatures vanquished.

Vanquished Creatures (collateral kills)
  An ogre (D:5)
1 creature vanquished.

Vanquished Creatures (others)
  A worker ant zombie (D:5)
  7 toadstools
8 creatures vanquished.

Grand Total: 97 creatures vanquished

Notes
Turn   | Place    | Note
-------+----------+-------------------------------------------
     0 | D:1      | Forgotmypassicot the Spriggan Warper began the quest for the Orb.
     0 | D:1      | Reached XP level 1. HP: 10/10 MP: 5/5
   133 | D:1      | Reached XP level 2. HP: 9/14 MP: 6/6
   157 | D:1      | Learned a level 2 spell: Shroud of Golubria
   160 | D:1      | Learned a level 2 spell: Blink
   267 | D:1      | Reached skill level 4 in Dodging
   919 | D:2      | Reached XP level 3. HP: 13/18 MP: 8/8
  1420 | D:2      | Reached skill level 1 in Stealth
  1433 | D:2      | Found a basalt altar of Yredelemnul.
  1604 | D:3      | Reached XP level 4. HP: 23/23 MP: 9/9
  1629 | D:3      | Learned a level 3 spell: Teleport Other
  1635 | D:3      | Found a sparkling altar of Nemelex Xobeh.
  1638 | D:3      | Noticed Sigmund
  2280 | D:4      | Reached skill level 5 in Dodging
  2302 | D:4      | Found Lutinle's Elemental Accessories.
  2326 | D:4      | Reached XP level 5. HP: 14/26 MP: 10/10
  2650 | D:4      | Noticed a phantom
  2761 | D:4      | Found a staircase to the Ecumenical Temple.
  2912 | Temple   | Entered the Ecumenical Temple
  3244 | Temple   | Became a worshipper of Fedhas Madash
  3361 | D:4      | Reached XP level 6. HP: 30/30 MP: 11/11
  3665 | D:5      | Entered Level 5 of the Dungeon
  3679 | D:5      | Reached skill level 6 in Dodging
  3699 | D:5      | Found Osej's General Store.
  3729 | D:5      | Reached skill level 5 in Short Blades
  3837 | D:5      | Bought a scroll of remove curse for 30 gold pieces
  3920 | D:5      | HP: 1/30 [centaur/arrow (17)]
  3993 | D:5      | Reached skill level 5 in Translocations
  4290 | D:5      | Reached XP level 7. HP: 35/35 MP: 14/14
  4365 | D:5      | Reached * piety under Fedhas
  4375 | D:5      | Reached skill level 1 in Charms
  4380 | D:5      | Shot with an arrow by a centaur

Skill      XL: |  1  2  3  4  5  6  7 |
---------------+----------------------+-----
Spellcasting   | 3 4 |  4.2
Dodging        | 4 5 6 |  6.7
Stealth        | 1 2 3 |  3.4
Short Blades   | 3 4 5 |  5.8
Fighting       | 2 |  2.3
Translocations | 5 |  5.3
Charms         | 1 |  1.1
Throwing       | |  1.2

Action                   |  1- 3 |  4- 6 |  7- 9 || total
-------------------------+-------+-------+-------++-------
Melee: Short sword       |   104 |       |       ||   104
       Dagger            |    46 |   163 |    32 ||   241
 Cast: Shroud of Golubri |       |     7 |     2 ||     9
       Blink             |       |     4 |       ||     4
       Teleport Other    |       |     1 |     3 ||     4
Invok: Fungal Bloom      |       |     6 |     3 ||     9
       Evolution         |       |       |     1 ||     1
  Use: Scroll            |     3 |     5 |       ||     8
       Potion            |       |     9 |       ||     9
 Stab: Sleeping          |     3 |     4 |       ||     7
  Eat: Bread ration      |       |     1 |       ||     1
Armor: Robe              |    35 |    13 |     3 ||    51
Dodge: Dodged            |   141 |   101 |    24 ||   266
